 Dungeon Crawl Stone Soup version 0.17-a0-1831-gaadb308 (webtiles) character file.

133 4thArraOfDagon the Gusty (level 4, 0/52 HPs)
             Began as a Centaur Air Elementalist on Sept 14, 2015.
             Was an Initiate of Okawaru.
             Slain by a killer bee (3 damage)
             ... on level 6 of the Dungeon.
             The game lasted 00:10:28 (1607 turns).

4thArraOfDagon the Gusty (Centaur Air Elementalist) Turns: 1607, Time: 00:10:29

Health: 0/52       AC: 22    Str: 11    XL:     4   Next: 94%
Magic:  4/7        EV:  1    Int: 15    God:    Okawaru [......]
Gold:   88         SH:  0    Dex: 14    Spells: 3 memorised, 1 level left

rFire  . . .     SeeInvis .     e - +0 spear
rCold  . . .     Clarity  .     (armour currently unavailable)
rNeg   + + +     SustAt   .     (no shield)
rPois  +         Gourm    .     (helmet currently unavailable)
rElec  .         Spirit   .     (cloak currently unavailable)
rCorr  .         Warding  .     (gloves currently unavailable)
rMut   .         NoTele   +     (no barding)
MR     +....                    (no amulet)
Stlth  +++.......               (no ring)
                                r - ring of protection from magic

@: agile, tree-form, very slightly contaminated, repel missiles, invisible,
somewhat resistant to hostile enchantments, fairly stealthy
A: (hooves 0), (deformed body), (speed 0), (tough skin 0)
a: Renounce Religion


You were on level 6 of the Dungeon.
You worshipped Okawaru.
Okawaru was noncommittal.
You were not hungry.
You were a tree.
You visited 2 branches of the dungeon, and saw 8 of its levels.

You collected 88 gold pieces.

Inventory:

Hand weapons
 e - a +0 spear (weapon)
 q - a +0 falchion
Armour
 a - a +0 robe (melded)
 m - a +0 helmet (melded)
Jewellery
 r - a ring of protection from magic (left branch)
Magical devices
 t - a wand of fire (11)
Scrolls
 g - a scroll of magic mapping {unknown}
 h - a scroll of teleportation {unknown}
 l - a scroll of enchant weapon {unknown}
 n - a scroll of amnesia {unknown}
 o - a scroll of enchant armour {unknown}
 p - 2 scrolls of remove curse {unknown}
 s - a scroll of fog {unknown}
 u - a scroll of fear {unknown}
Potions
 d - 2 potions of cure mutation
 k - a potion of berserk rage
Books
 b - a book of Air

   Spells                             Type                      Level
   a - Shock                          Conjuration/Air              1
   b - Swiftness                      Charms/Air                   2
   c - Repel Missiles                 Charms/Air                   2
   d - Static Discharge               Conjuration/Air              3
   e - Lightning Bolt                 Conjuration/Air              5
Comestibles
 c - 3 bread rations
 i - 3 royal jellies
 v - 2 chunks of flesh


   Skills:
 + Level 1.1 Fighting
 * Level 0.7 Armour
 - Level 1.3 Dodging
 - Level 1.2 Stealth
 - Level 2.0 Spellcasting
 - Level 2.2 Conjurations
 - Level 3.8 Air Magic
 + Level 0.9 Invocations


You had one spell level left.
You knew the following spells:

 Your Spells              Type           Power        Failure   Level  Hunger
a - Shock                 Conj/Air       ##..         8%          1    #......
b - Repel Missiles        Chrm/Air       #.....       17%         2    ###....
c - Static Discharge      Conj/Air       ##......     21%         3    ###....


Dungeon Overview and Level Annotations

Branches:
Dungeon (7/15)             Temple (1/1) D:5

Altars:
Cheibriados
Dithmenos
Fedhas
Makhleb
Nemelex Xobeh
Okawaru
Qazlal
Ru
Sif Muna
Trog
Vehumet
Xom
Zin
The Shining One

Shops:
D:5 [

Annotations:
D:2 Ijyb, Sigmund


Innate Abilities, Weirdness & Mutations

((You have hooves in place of feet.))
((Armour fits poorly on your strangely shaped body.))
((You cover ground very quickly.))
((You have extremely tough skin (AC +3).))


Message History

The zap misses the killer bee. x2
The killer bee stings you!
* * * LOW HITPOINT WARNING * * *
The killer bee barely misses you.
Unknown command.
Unknown command.
Drink which item? (? for menu, Esc to quit)
It was a potion of cure mutation.
It has a very clean taste.
The killer bee barely misses you. x2
Unknown command.
Drink which item? (? for menu, Esc to quit)
It was a potion of agility.
You feel agile all of a sudden. The killer bee misses you.
The killer bee completely misses you.
Unknown command.
Drink which item? (? for menu, Esc to quit)
You turn into a tree.
Your +0 helmet melds into your body.
Your +0 robe melds into your body.
Your roots penetrate the ground.
The killer bee stings you.
You die...

### #.. #.#
##### #.#
#...###♣###.#
##.#...y.....#
#.....##.#####
#.....##.#
#.....##.#
#.....##..
#..?..####
###....#
#......


You could see a killer bee.

Vanquished Creatures
  A giant frog zombie (D:5)
  Robin (D:2)
  3 adders
  2 oozes
  An adder skeleton (D:5)
  A giant gecko (D:5)
  4 orcs
  7 hobgoblins
  4 kobolds
  2 quokkas (D:2)
  2 bats
  2 giant cockroaches
  A giant gecko skeleton (D:5)
  12 goblins
  5 rats
48 creatures vanquished.

Notes
Turn   | Place    | Note
--------------------------------------------------------------
     0 | D:1      | 4thArraOfDagon the Centaur Air Elementalist began the quest for the Orb.
     0 | D:1      | Reached XP level 1. HP: 14/14 MP: 3/3
    13 | D:1      | Reached skill level 1 in Conjurations
   142 | D:2      | Reached XP level 2. HP: 18/20 MP: 4/4
   153 | D:2      | Learned a level 2 spell: Repel Missiles
   174 | D:2      | Noticed Ijyb
   176 | D:2      | Noticed Sigmund
   316 | D:2      | Reached skill level 3 in Air Magic
   325 | D:2      | Noticed Robin
   427 | D:1      | Reached XP level 3. HP: 13/26 MP: 3/5
   514 | D:2      | Killed Robin
   898 | D:3      | Reached XP level 4. HP: 22/33 MP: 2/6
  1060 | D:3      | Learned a level 3 spell: Static Discharge
  1140 | D:5      | Entered Level 5 of the Dungeon
  1167 | D:5      | Found a glowing golden altar of the Shining One.
  1167 | D:5      | Found a burning altar of Makhleb.
  1229 | D:5      | Found a staircase to the Ecumenical Temple.
  1238 | Temple   | Entered the Ecumenical Temple
  1270 | Temple   | Became a worshipper of Warmaster Okawaru
  1311 | D:5      | Found Deomodya's Antique Armour Shop.
  1316 | D:5      | Noticed a sky beast
  1520 | D:6      | Reached skill level 1 in Fighting
  1525 | D:6      | Found a shadowy altar of Dithmenos.
  1607 | D:6      | Slain by a killer bee

Vault maps used:
D:1:      dpeg_arrival_tiny_f, serial_glass, glass_columns_c, glass_columns_a,
          glass_columns_c, glass_columns_b, glass_columns_b, glass_columns_a
D:2:      uniq_robin, uniq_iyjb, uniq_sigmund
D:3:      columned_hall_lemuel, minivault_5
D:4:      yredelemnul_forgotten_temple_becter
D:5:      kennysheep_mini_moat, lemuel_crystal_altar, overflow_temple_1_default,
          minmay_temple_entry_butterflies, first_bread, serial_shops,
          nicolae_shop_crystal, kennysheep_generic_room_3
D:6:      serial_shops, kennysheep_mini, nicolae_dithmenos_the_darkroom
D:7:      serial_shops, nicolae_shop_waterfront, uniq_crazy_yiuf_cottage
Temple:   circular_temple_12

Action                   |  1- 3 |  4- 6 || total
-------------------------+-------+-------++-------
Melee: Spear             |    61 |     9 ||    70
 Cast: Shock             |    33 |    18 ||    51
       Repel Missiles    |     1 |       ||     1
  Use: Scroll            |     2 |     2 ||     4
       Potion            |       |     4 ||     4
 Stab: Sleeping          |     1 |       ||     1
  Eat: Chunk             |       |     2 ||     2
